cohdb
Replays
Latest Replays
All Replays
Popular Replays
Top Player Replays
Match Explorer
How It Works
Community
CoH3 Stats
Reddit
Sign in to upload your games and track your stats! →
Sign in with Steam
Match 29131790
Unlisted
Match 29131790
Overview
Messages
Build Orders
End
Selects Italian Combined Arms Battlegroup
Selects Bersaglieri Squad
Bersaglieri Squad
Kradschützen Motorcycle Team
Bersaglieri Squad
Construct Light Support Kompanie
Panzerjäger Squad
Bersaglieri Squad
Selects Bersaglieri Bolster
Assault Mechanized Group
Fire Support Elements
Flakvierling Half-track
Selects Semovente da 75/18 Assault Gun
Selects Carro Armato M13/40 Light Tank
Carro Armato M13/40 Light Tank
Psycho_Jogi
^3
0
0
Comments
sign in to comment!
No comments posted yet!